 Dungeon Crawl Stone Soup version 0.29.1-13-g9f3cf754e1 (webtiles) character file.

Game seed: 14834810439934206119

371 leafyfresh the Covert (level 6, -3/53 HPs)
             Began as a Gnoll Delver on Feb 7, 2023.
             Slain by an ogre
             ... wielding a +0 giant spiked club
              (25 damage)
             ... on level 4 of the Dungeon.
             The game lasted 00:03:56 (1778 turns).

leafyfresh the Covert (Gnoll Delver)                Turns: 1778, Time: 00:03:56

Health: -3/53      AC: 12    Str: 11    XL:     6   Next: 70%
Magic:  0/0        EV: 10    Int: 10    God:
Gold:   78         SH:  0    Dex: 15    Spells: 9/9 levels left

rFire   . . .      SeeInvis .   a - +0 spear
rCold   + . .      Faith    .   (no shield)
rNeg    . . .      Spirit   .   e - +6 scale mail of Cowardice {rPois rC+ MP-9 Stlth+}
rPois   +          Reflect  .   (no helmet)
rElec   .          Harm     .   (no cloak)
rCorr   .          Rampage  .   (no gloves)
Will    .....                   (no boots)
Stlth   ++++......              (no amulet)
HPRegen 0.17/turn               (no ring)
MPRegen 0.07/turn               (no ring)

@: no status effects
A: fangs 1, strong nose, distributed training
a: no special abilities


You were on level 4 of the Dungeon.
You visited 1 branch of the dungeon, and saw 2 of its levels.

You collected 78 gold pieces.

Inventory:

Hand Weapons
 a - a +0 spear (weapon)
 o - a +0 sling
Armour
 b - a +0 leather armour
 e - the +6 scale mail of Cowardice (worn) {rPois rC+ MP-9 Stlth+}
   (You found it on level 4 of the Dungeon)

   rC:        It protects you from cold.
   rPois:     It protects you from poison.
   MP:        It affects your magic capacity (-9).
   Stlth:     It makes you more stealthy.
 j - a +0 chain mail
Wands
 g - a wand of digging (3)
Scrolls
 c - a scroll of fog
 d - a scroll of magic mapping
 h - a scroll of immolation {unknown}
 k - a scroll of brand weapon {unknown}
 l - a scroll of enchant weapon {unknown}
 m - a scroll of vulnerability {unknown}
 n - a scroll of teleportation
Potions
 f - a potion of haste
 i - a potion of ambrosia {unknown}


   Skills:
 + Level 6.9 Fighting
 + Level 2.1 Short Blades
 + Level 2.1 Long Blades
 + Level 2.1 Axes
 + Level 2.1 Maces & Flails
 + Level 5.1 Polearms
 + Level 2.1 Staves
 + Level 2.1 Ranged Weapons
 + Level 2.1 Throwing
 + Level 2.1 Armour
 + Level 5.1 Dodging
 + Level 9.8 Stealth
 + Level 2.1 Shields
 + Level 2.1 Unarmed Combat
 + Level 2.1 Spellcasting
 + Level 1.7 Conjurations
 + Level 1.7 Hexes
 + Level 1.7 Summonings
 + Level 1.7 Necromancy
 + Level 1.7 Translocations
 + Level 1.7 Transmutations
 + Level 1.7 Fire Magic
 + Level 1.7 Ice Magic
 + Level 1.7 Air Magic
 + Level 1.7 Earth Magic
 + Level 1.7 Poison Magic
 + Level 2.4 Invocations
 + Level 2.1 Evocations


You had 9 spell levels left.
You didn't know any spells.
Your spell library was empty.

Dungeon Overview and Level Annotations

Branches:
Dungeon (5/15)
 Temple: D:4-7

Altars:
Uskayaw


Innate Abilities, Weirdness & Mutations

You have very sharp teeth.
Your uncanny sense of smell can sniff out nearby items.
Your experience applies equally to all skills.


Message History

Things that are here:
a +0 sling; a +0 dagger
o - a +0 sling
o - a +0 sling (weapon)
Unknown command.
Found a stone staircase leading up.
No target in view!
You see here a +0 trident.
Key pressed, stopping explore.
No target in view!
An ogre is nearby!
You shoot a sling bullet.
The sling bullet barely misses the ogre.
The ogre shouts!
An ogre is nearby!
You shoot a sling bullet.
The sling bullet barely misses the ogre.
An ogre is nearby!
You shoot a sling bullet.
The sling bullet barely misses the ogre.
An ogre is nearby!
You shoot a sling bullet.
The sling bullet barely misses the ogre.
The ogre hits you with a +0 giant spiked club!!
Ouch! That really hurt!
You are too injured to fight recklessly!
An ogre is nearby!
An ogre is nearby!
You are too injured to fight recklessly!
An ogre is nearby!
You are too injured to fight recklessly!
An ogre is nearby!
You are too injured to fight recklessly!
Unknown command.
a - a +0 spear (weapon)
Unknown command.
You hit the ogre.
The ogre is lightly wounded.
The ogre hits you with a +0 giant spiked club!!
You die...

.......##......#.# ######...##
...###......#..#.# ####........#
...# #.######..#.###...........##
...# #...........)...............
...# #..########.###..#......####
...# #..# #......#.......... ...#
#..###########.........###..
...###..#........O.....#'#'## #.#
................@##....#.#.####.#
##...............##....#.#......#
#.........###.####...##.########
#.........# #.# ##..##.# #....
#.........# #.# #.>##.# #.###
#.........###.# ###.###.# #.#
######........# #.......# #.#
########## #.#.##### #.#
#.######.#.# #.#


You could see an ogre.

Vanquished Creatures
  Sigmund (D:4)
  An ogre (D:4)
  A phantom (D:5)
  A howler monkey (D:4)
  An ufetubus (D:4)
  An endoplasm (D:4)
  A giant cockroach (D:4)
  4 goblins (D:4)
  A hobgoblin (D:4)
  A quokka (D:4)
13 creatures vanquished.

Notes
Turn   | Place    | Note
-------+----------+-------------------------------------------
     0 | D:5      | Reached skill level 9 in Stealth
     0 | D:5      | leafyfresh the Gnoll Delver began the quest for the Orb.
     0 | D:5      | Reached XP level 1. HP: 23/23 MP: 1/1
    10 | D:5      | Noticed a phantom
    26 | D:5      | Killed a phantom
    27 | D:5      | Reached skill level 1 in Short Blades
    27 | D:5      | Reached skill level 1 in Long Blades
    27 | D:5      | Reached skill level 1 in Axes
    27 | D:5      | Reached skill level 1 in Maces & Flails
    27 | D:5      | Reached skill level 1 in Staves
    27 | D:5      | Reached skill level 1 in Ranged Weapons
    27 | D:5      | Reached skill level 1 in Throwing
    27 | D:5      | Reached skill level 1 in Armour
    27 | D:5      | Reached skill level 1 in Shields
    27 | D:5      | Reached skill level 1 in Unarmed Combat
    27 | D:5      | Reached skill level 1 in Spellcasting
    27 | D:5      | Reached skill level 1 in Invocations
    27 | D:5      | Reached skill level 1 in Evocations
    27 | D:5      | Reached XP level 2. HP: 12/29 MP: 1/3
    27 | D:5      | Reached XP level 3. HP: 14/35 MP: 1/4
    27 | D:5      | Reached XP level 4. HP: 17/41 MP: 1/5
   383 | D:5      | Noticed a scorpion
   544 | D:4      | Noticed an ogre
   548 | D:4      | Reached skill level 1 in Conjurations
   548 | D:4      | Reached skill level 1 in Hexes
   548 | D:4      | Reached skill level 1 in Summonings
   548 | D:4      | Reached skill level 1 in Necromancy
   548 | D:4      | Reached skill level 1 in Translocations
   548 | D:4      | Reached skill level 1 in Transmutations
   548 | D:4      | Reached skill level 1 in Fire Magic
   548 | D:4      | Reached skill level 1 in Ice Magic
   548 | D:4      | Reached skill level 1 in Air Magic
   548 | D:4      | Reached skill level 1 in Earth Magic
   548 | D:4      | Reached skill level 1 in Poison Magic
   593 | D:4      | Noticed an ogre
   643 | D:4      | Identified the +6 scale mail of Cowardice {rPois rC+ MP-9
                  | Stlth+}
  1041 | D:4      | Reached XP level 5. HP: 47/47 MP: 0/7
  1042 | D:4      | Found a hide-covered altar of Uskayaw.
  1051 | D:4      | Noticed Sigmund
  1074 | D:4      | Killed Sigmund
  1075 | D:4      | Reached skill level 5 in Polearms
  1075 | D:4      | Reached skill level 5 in Dodging
  1075 | D:4      | Reached XP level 6. HP: 42/53 MP: 0/9
  1778 | D:4      | Slain by an ogre

Illustrated notes

Levels and vault maps discovered:
D:4:      layout_basic, nicolae_uskayaw_dance_hall, gup_sewer_entry_spiral,
          uniq_sigmund
D:5:      nicolae_cairo_tiling_very_big, layout_gridville,
          minmay_misc_feat_tower, nicolae_stop_n_shop_2, minmay_crossroads,
          uniq_ijyb

Skill      XL: |  1  2  3  4  5 |
---------------+----------------+-----
Stealth        | |  9.8
Short Blades   | 1 2 |  2.1
Long Blades    | 1 2 |  2.1
Axes           | 1 2 |  2.1
Maces & Flails | 1 2 |  2.1
Staves         | 1 2 |  2.1
Ranged Weapons | 1 2 |  2.1
Throwing       | 1 2 |  2.1
Armour         | 1 2 |  2.1
Shields        | 1 2 |  2.1
Unarmed Combat | 1 2 |  2.1
Spellcasting   | 1 2 |  2.1
Invocations    | 1 2 |  2.4
Evocations     | 1 2 |  2.1
Conjurations   | 1 |  1.7
Hexes          | 1 |  1.7
Summonings     | 1 |  1.7
Necromancy     | 1 |  1.7
Translocations | 1 |  1.7
Transmutations | 1 |  1.7
Fire Magic     | 1 |  1.7
Ice Magic      | 1 |  1.7
Air Magic      | 1 |  1.7
Earth Magic    | 1 |  1.7
Poison Magic   | 1 |  1.7
Polearms       | 5 |  5.1
Dodging        | 5 |  5.1
Fighting       | |  6.9

Action                   |  1- 3 |  4- 6 || total
-------------------------+-------+-------++-------
Melee: Spear             |    15 |    81 ||    96
       Bite              |     1 |     6 ||     7
       Punch             |       |     3 ||     3
 Fire: Sling             |       |     4 ||     4
  Use: Scroll            |       |     2 ||     2
 Stab: Sleeping          |       |     2 ||     2
       Distracted        |       |     1 ||     1
Armor: Leather armour    |     1 |       ||     1
       Chain mail        |       |    35 ||    35
       Scale mail        |       |     7 ||     7
Dodge: Dodged            |     8 |    55 ||    63
